Cogmind - Beta 13 @@@ ROGUE MODE // 2024.04.08 @ 23:59:52 Player: JunkerBernd Result: Destroyed by H-66 Slayer with Gauss Rifle Performance ------------- Evolutions (4) 2000 Regions Visited (8) 1600 Robots Destroyed (47) 235 Value Destroyed (1419) 1419 Prototype IDs (2) 40 Alien Tech Used (0) 0 Bonus (300) 300 TOTAL SCORE: 5594 Bonus ------- Aligned with FarCom 300 Cogmind --------- Core Integrity 0/850 Matter 240/300 Energy 100/100 System Corruption 0% Temperature Cool (0) Movement Core (50) Location -6/Factory Parts ------- > --- POWER (3) -------- (None) > --- PROPULSION (5) --- (None) > --- UTILITY (4) ------ Advanced Visual Processing Unit > --- WEAPON (3) ------- (None) > --- INVENTORY (5) ---- Light Nuclear Core Micro Nuclear Core Authchip [Propulsion] Peak State ------------ > --- POWER ------------ Enhanced Nuclear Core Light Angular Momentum Engine > --- PROPULSION ------- Airjet Airjet Airjet Gravmag System Gravmag System > --- UTILITY ---------- Advanced Visual Processing Unit Advanced ECM Suite Hacking Suite > --- WEAPON ----------- AWS/Thermal Remote Datajack > --- INVENTORY -------- Light Deuterium Engine Light Nuclear Core Improved Hover Unit Improved Hover Unit Trap Scanner [Rating: 58] Favorites ----------- Power Light Angular Momentum Engine Engine Light Angular Momentum Engine Power Core Enhanced Nuclear Core Propulsion Airjet Wheel Wheel Hover Unit Airjet Utility Advanced Visual Processing Unit Device Trap Scanner Storage Small Storage Unit Processor Advanced Visual Processing Unit Hackware Hacking Suite Weapon AWS/Thermal Energy Gun AWS/Thermal Energy Cannon Beam Cannon Ballistic Gun Assault Rifle Launcher Shock Bomb Launcher Special Weapon Remote Datajack Special Melee Weapon Improved Datajack Build | -11 -10 -10 -10 -9 -8 -7 -7 -6 ------- Run | Yrd Mat Min Exi Min Mat Fac Sto Fac Slots Evolved 8 | . . . . . 4 2 . 2 Power 2 | . . . . . 1 . . 1 Propulsion 3 | . . . . . 2 1 . . Utility 2 | . . . . . . 1 . 1 Weapon 1 | . . . . . 1 . . . Parts Attached 56 | 8 5 . 1 . 19 13 4 6 Power 12 | 2 . . . . 5 4 . 1 Engine 10 | 2 . . . . 5 3 . . Core 2 | . . . . . . 1 . 1 Reactor . | . . . . . . . . . Propulsion 20 | 2 2 . . . 9 3 2 2 Treads . | . . . . . . . . . Leg . | . . . . . . . . . Wheel 2 | 2 . . . . . . . . Hover 18 | . 2 . . . 9 3 2 2 Flight . | . . . . . . . . . Utility 11 | 1 2 . . . 1 5 1 1 Device 5 | . . . . . . 3 1 1 Storage 2 | 1 . . . . . 1 . . Processor 3 | . 2 . . . 1 . . . Hackware 1 | . . . . . . 1 . . Protection . | . . . . . . . . . Artifact . | . . . . . . . . . Weapon 13 | 3 1 . 1 . 4 1 1 2 Energy Gun 2 | . . . 1 . 1 . . . Energy Cannon 2 | . 1 . . . . . . 1 Ballistic Gun 3 | 3 . . . . . . . . Ballistic Cannon . | . . . . . . . . . Launcher 1 | . . . . . 1 . . . Special Weapon 4 | . . . . . 1 1 1 1 Impact Weapon . | . . . . . . . . . Slashing Weapon . | . . . . . . . . . Piercing Weapon . | . . . . . . . . . Special Melee Weapon 1 | . . . . . 1 . . . Unidentified Prototypes 2 | . . . 1 . . 1 . . Parts Lost 17 | . . . . . 1 1 4 11 Power 3 | . . . . . . . . 3 Propulsion 9 | . . . . . . 1 4 4 Utility 2 | . . . . . . . . 2 Weapon 3 | . . . . . 1 . . 2 Highest Loss Streak 11 | . . . . . 1 1 4 11 To Critical Strikes . | . . . . . . . . . Average Slot Usage (%) 84 | . 89 100 91 85 88 91 87 63 Engine 11 | . 14 14 14 14 17 11 7 5 Core 3 | . . . . . . 2 7 9 Hover 31 | . 12 28 28 28 35 38 35 23 Device 2 | . . . . . . 5 6 4 Processor 13 | . 9 28 28 28 18 8 7 6 Hackware 3 | . . . . . . 5 7 5 Energy Gun 6 | . . . 8 14 11 7 6 . Energy Cannon 1 | . 11 14 6 . . . . . Ballistic Gun 1 | . 16 14 6 . . . . . Special Weapon 3 | . . . . . 3 5 6 5 Naked Turns . | . . . . . . . . . Heaviest Build 36 | 14 15 10 13 13 32 36 31 27 Greatest Support 42 | 20 20 12 12 12 32 42 42 32 Greatest Overweight (x) 2 | 1 2 . 1 1 1 . 1 1 Average Overweight (x) . | . . . . 1 . . . . Largest Inventory Capacity 8 | 8 8 5 5 5 5 8 5 5 Average Capacity 5 | 7 6 5 5 5 5 5 5 5 Most Carried 8 | 6 8 5 5 5 5 8 5 5 Average Carried 4 | 3 6 5 5 4 3 5 4 4 Final Capacity 8 | 8 5 5 5 5 5 5 5 5 Final Carried 6 | 6 5 5 5 5 5 5 4 3 Class Distribution -------------------- 46% | Mutant 35% | Skirmisher 16% | Scout Dominant Class ---------------- Mutant | -10/Materials Mutant | -10/Mines Mutant | -10/Exiles Mutant | -9/Mines Skirmisher | -8/Materials Skirmisher | -7/Factory Scout | -7/Storage Mutant | -6/Factory Resources | -11 -10 -10 -10 -9 -8 -7 -7 -6 ----------- Run | Yrd Mat Min Exi Min Mat Fac Sto Fac Matter Collected 840 | 207 21 79 . 51 211 148 123 . Remotely . | . . . . . . . . . Salvage Created 1693 | . 34 46 . . 1031 65 445 72 Parts 109 | . 3 7 . . 57 6 30 6 Haulers Intercepted . | . . . . . . . . . Recyclers Shooed . | . . . . . . . . . Parts Field Recycled . | . . . . . . . . . Retrieved Matter . | . . . . . . . . . Parts Self-Destructed . | . . . . . . . . . Prevented . | . . . . . . . . . Kills | -11 -10 -10 -10 -9 -8 -7 -7 -6 ------- Run | Yrd Mat Min Exi Min Mat Fac Sto Fac Combat Hostiles Destroyed 31 | . . 3 . . 16 1 8 3 Guns 23 | . . 2 . . 12 1 8 . Cannons 4 | . . 1 . . . . . 3 AOE 2 | . . . . . 2 . . . Classes Destroyed 9 | . 2 1 . . 4 1 1 . Worker 7 | . 1 . . . 6 . . . Builder 2 | . . . . . 2 . . . Operator 1 | . . . . . . . 1 . Watcher 6 | . 1 . . . 4 1 . . Swarmer 10 | . . 3 . . 3 . 1 3 Grunt 12 | . . . . . 8 . 4 . Sentry 6 | . . . . . 3 . 3 . Hunter 2 | . . . . . 2 . . . Programmer 1 | . . . . . . 1 . . Best Kill Streak 10 | . 2 3 . . 10 1 8 3 Combat Bots Only 8 | . . 3 . . 4 1 8 3 Max Kills in Single Turn 5 | . 2 1 . . 5 1 1 1 Gunslinging . | . . . . . . . . . Exploded 1 | . . . . . 1 . . . Melee . | . . . . . . . . . Uniques/NPCs Destroyed . | . . . . . . . . . Combat | -11 -10 -10 -10 -9 -8 -7 -7 -6 -------- Run | Yrd Mat Min Exi Min Mat Fac Sto Fac Hostile Shots Fired 284 | . . 3 . . 38 6 135 102 Missed 111 | . . 2 . . 14 1 70 24 Damage Taken 2451 | . . 9 . . 371 75 630 1366 Core 1032 | . . . . . 51 . 122 859 Absorbed by Shields . | . . . . . . . . . Regen/Repaired (Parts) 116 | . . . . . 62 27 . 27 Core Remaining (%) 93 | 100 . . . 100 90 . 82 . Volleys Fired 84 | . 3 3 . . 29 17 9 23 Largest 2 | . 2 2 . . 1 1 1 1 Hottest 100 | . 80 80 . . 100 5 5 75 Shots Fired 220 | . 6 6 . . 102 19 64 23 Gun 157 | . 3 3 . . 94 2 55 . Cannon 21 | . 3 3 . . . . . 15 Launcher 6 | . . . . . 6 . . . Special 36 | . . . . . 2 17 9 8 Kinetic 6 | . 3 3 . . . . . . Thermal 174 | . 3 3 . . 96 2 55 15 Explosive . | . . . . . . . . . Electromagnetic 6 | . . . . . 6 . . . Robot Hit Streak 22 | . 1 2 . . 22 6 13 10 Robot Miss Streak 3 | . 3 1 . . 3 2 2 3 Penetration Max . | . . . . . . . . . Secondary Targets . | . . . . . . . . . Autonomous 130 | . . . . . 73 2 55 . Shots Hit Robots 163 | . 2 3 . . 77 13 53 15 Core Hits 64 | . 2 3 . . 36 2 17 4 Critical Kills . | . . . . . . . . . Critical Parts Destroyed . | . . . . . . . . . Critical Strikes 1 | . . . . . 1 . . . Burn 1 | . . . . . 1 . . . Melee Attacks 1 | . . . . . 1 . . . Impact . | . . . . . . . . . Slashing . | . . . . . . . . . Piercing . | . . . . . . . . . Sneak Attacks 1 | . . . . . 1 . . . Combat Hostiles . | . . . . . . . . . Follow-up Attacks . | . . . . . . . . . Damage Inflicted 4086 | . 44 39 . . 2397 62 1269 275 Guns 3281 | . 26 22 . . 1910 62 1261 . Cannons 310 | . 18 17 . . . . . 275 Explosions 479 | . . . . . 479 . . . Melee . | . . . . . . . . . Ramming 16 | . . . . . 8 . 8 . Kinetic 48 | . 26 22 . . . . . . Thermal 3571 | . 18 17 . . 1938 62 1261 275 Explosive . | . . . . . . . . . Electromagnetic 451 | . . . . . 451 . . . Impact . | . . . . . . . . . Slashing . | . . . . . . . . . Piercing . | . . . . . . . . . Highest Corruption 1 | . . . . . 1 . . . Average Corruption 1 | . . . . . 1 . . . Corruption Purged . | . . . . . . . . . Corruption Blocked . | . . . . . . . . . Effects 2 | . . . . . 2 . . . Energy Discharges 1 | . . . . . 1 . . . Parts Rejected 1 | . . . . . 1 . . . Overload Shots . | . . . . . . . . . Overflow Damage 3 | . . . . . 3 . . . Projectiles . | . . . . . . . . . Explosions 3 | . . . . . 3 . . . Melee . | . . . . . . . . . Knockbacks . | . . . . . . . . . Impact . | . . . . . . . . . Kinetic . | . . . . . . . . . Secondary . | . . . . . . . . . Self-Inflicted Damage 8 | . . . . . 4 . 4 . Shots . | . . . . . . . . . Rammed 2 | . . . . . 1 . 1 . Targets Rammed 2 | . . . . . 1 . 1 . Kicked . | . . . . . . . . . Crushed . | . . . . . . . . . Highest Temperature 357 | . 54 72 . . 357 1 29 245 Average Temperature 91 | . 28 38 . . 131 1 6 140 Received Heat Transfer 360 | . . . . . 117 . 243 . Effects 1 | . . . . . 1 . . . Short Circuit 1 | . . . . . 1 . . . Siege Activations . | . . . . . . . . . Robots Corrupted . | . . . . . . . . . Combat Hostiles . | . . . . . . . . . Parts Fried 2 | . . . . . 2 . . . Impact Corruptions . | . . . . . . . . . Robots Melted 2 | . . . . . 2 . . . Combat Hostiles 2 | . . . . . 2 . . . Parts Melted 9 | . . . . . 5 1 2 1 Heat Transferred 4840 | . 37 37 . . 2714 74 1571 407 Parts Sabotaged . | . . . . . . . . . Parts Stolen . | . . . . . . . . . Parts Stripped . | . . . . . . . . . Power Chain Reactions 3 | . . . . . 3 . . . Alert | -11 -10 -10 -10 -9 -8 -7 -7 -6 ------- Run | Yrd Mat Min Exi Min Mat Fac Sto Fac Peak Influence 424 | . 32 187 . . 424 214 269 189 Initial 156 | . . 12 . . . 156 . 91 Average 84 | . 19 40 . . 154 113 37 73 Maximum Alert Level 2 | . . . . . 2 1 1 . Low Security (%) 87 | 100 100 100 . 100 59 89 96 100 Level 1 9 | . . . . . 29 10 3 . Level 2 2 | . . . . . 11 . . . Level 3 . | . . . . . . . . . Level 4 . | . . . . . . . . . Level 5 . | . . . . . . . . . High Security . | . . . . . . . . . Max Security . | . . . . . . . . . Squads Dispatched 10 | . . . . . 2 2 3 3 Investigation 4 | . . . . . . . 1 3 Extermination 2 | . . . . . . 2 . . Reinforcement 2 | . . . . . 2 . . . Assault 2 | . . . . . . . 2 . Garrison . | . . . . . . . . . Intercept . | . . . . . . . . . Searches Triggered . | . . . . . . . . . Construction Impeded 1 | . . . . . 1 . . . Haulers Reinforced . | . . . . . . . . . Active Scanning Responses . | . . . . . . . . . Cargo Convoy Interrupts . | . . . . . . . . . Stealth | -11 -10 -10 -10 -9 -8 -7 -7 -6 --------- Run | Yrd Mat Min Exi Min Mat Fac Sto Fac Distress Signals 3 | . . . . . 2 . 1 . Communications Jammed . | . . . . . . . . . Distress Signals . | . . . . . . . . . Times Spotted 80 | . 1 6 . . 26 4 31 12 Peak Tracking Total 14 | . 1 4 . . 5 2 14 7 Tactical Retreats 10 | . . 2 . . 3 . 4 1 Traps | -11 -10 -10 -10 -9 -8 -7 -7 -6 ------- Run | Yrd Mat Min Exi Min Mat Fac Sto Fac Traps Triggered 4 | . . . . . . 3 . 1 Indirectly . | . . . . . . . . . Trap Hack Attempts . | . . . . . . . . . Triggered . | . . . . . . . . . Disarmed . | . . . . . . . . . Reprogrammed 4 | . . . . . 1 . . 3 Reused 1 | . . . . . . . . 1 Traps Extracted . | . . . . . . . . . Installed . | . . . . . . . . . Triggered 1 | . . . . . . . . 1 Machines | -11 -10 -10 -10 -9 -8 -7 -7 -6 ---------- Run | Yrd Mat Min Exi Min Mat Fac Sto Fac Machines Disabled 4 | . . . . . 1 . 1 2 Max in Single Turn 1 | . . . . . 1 . 1 . Machines Repaired . | . . . . . . . . . Machines Dismantled . | . . . . . . . . . Machines Sabotaged . | . . . . . . . . . Overloaded Fab Kills . | . . . . . . . . . Hacking | -11 -10 -10 -10 -9 -8 -7 -7 -6 --------- Run | Yrd Mat Min Exi Min Mat Fac Sto Fac Machines Accessed 19 | . 1 . . . 3 6 3 6 Terminals 11 | . 1 . . . 2 3 3 2 Fabricators 2 | . . . . . . 1 . 1 Repair Stations 3 | . . . . . 1 1 . 1 Recycling Units . | . . . . . . . . . Scanalyzers 2 | . . . . . . 1 . 1 Garrison Access 1 | . . . . . . . . 1 Total Hacks 48 | . 2 . . . 11 11 8 16 Successful 28 | . 1 . . . 7 7 6 7 Failed 20 | . 1 . . . 4 4 2 9 Catastrophic 2 | . . . . . . 1 1 . Database Lockouts . | . . . . . . . . . Manual 3 | . . . 2 . . . 1 . Terminals 22 | . 2 . . . 3 4 8 5 Fabricators 6 | . . . . . . 2 . 4 Repair Stations 14 | . . . . . 8 3 . 3 Recycling Units . | . . . . . . . . . Scanalyzers 5 | . . . . . . 2 . 3 Garrison Access 1 | . . . . . . . . 1 Terminal Hacks 14 | . 1 . . . 2 3 6 2 Record 1 | . . . . . . . 1 . Robot Schematic 2 | . . . . . . . 2 . Robot Analysis 1 | . 1 . . . . . . . Open DSF 1 | . . . . . . 1 . . Branch Access Points 1 | . . . . . . 1 . . Terminal Index 1 | . . . . . . . 1 . Alert Level 1 | . . . . . . 1 . . Locate Traps 2 | . . . . . 1 . . 1 Reprogram Traps 2 | . . . . . 1 . . 1 Transport Status 1 | . . . . . . . 1 . Hauler Manifests 1 | . . . . . . . 1 . Fabricator Hacks 2 | . . . . . . . . 2 Load Schematic 1 | . . . . . . . . 1 Build 1 | . . . . . . . . 1 Repair Station Hacks 9 | . . . . . 5 2 . 2 Scan Component 5 | . . . . . 3 1 . 1 Repair 4 | . . . . . 2 1 . 1 Recycling Unit Hacks . | . . . . . . . . . Scanalyzer 2 | . . . . . . 2 . . Insert Component 1 | . . . . . . 1 . . Analyze 1 | . . . . . . 1 . . Garrison Access Hacks 1 | . . . . . . . . 1 Coupler Status 1 | . . . . . . . . 1 Unauthorized Hacks . | . . . . . . . . . Terminals . | . . . . . . . . . Fabricators . | . . . . . . . . . Repair Stations . | . . . . . . . . . Recycling Units . | . . . . . . . . . Scanalyzers . | . . . . . . . . . Garrison Access . | . . . . . . . . . Data Cores Recovered 1 | . . . . . . . 1 . Used 1 | . . . . . . . 1 . Hacking Detections 14 | . 1 . . . 2 5 2 4 Full Trace Events 4 | . . . . . . . 1 3 Feedback Events . | . . . . . . . . . Feedback Blocked . | . . . . . . . . . Robot Schematics Acquired 2 | . . . . . . . 2 . Robots Built 1 | . . . . . . . . 1 Authchips . | . . . . . . . . . Time 58 | . . . . . . . . 58 Total Robot Build Rating 3 | . . . . . . . . 3 Part Schematics Acquired 1 | . . . . . . 1 . . Parts Built . | . . . . . . . . . Authchips . | . . . . . . . . . Time . | . . . . . . . . . Total Part Build Rating . | . . . . . . . . . Parts Repaired 4 | . . . . . 2 1 . 1 Time 135 | . . . . . 91 25 . 19 Parts Recycled . | . . . . . . . . . Recycled Matter . | . . . . . . . . . Retrieved Matter . | . . . . . . . . . Retrieved Components . | . . . . . . . . . Parts Scanalyzed 1 | . . . . . . 1 . . Part Schematics Acquired 1 | . . . . . . 1 . . Parts Damaged . | . . . . . . . . . Bothacking | -11 -10 -10 -10 -9 -8 -7 -7 -6 ------------ Run | Yrd Mat Min Exi Min Mat Fac Sto Fac Used RIF Installer . | . . . . . . . . . Robots Hacked 13 | . . . . . . 6 3 4 Non-combat 12 | . . . . . . 5 3 4 Combat 1 | . . . . . . 1 . . Robot Hacks Applied 20 | . . . . . . 11 4 5 parse_system 3 | . . . . . . 1 1 1 no_distress 11 | . . . . . . 5 2 4 find_chute 2 | . . . . . . 2 . . find_fabricator 1 | . . . . . . 1 . . find_dsf 1 | . . . . . . 1 . . find_recycling 1 | . . . . . . 1 . . check_alert 1 | . . . . . . . 1 . Relay Couplers Released . | . . . . . . . . . Fabnet Peak Effective % . | . . . . . . . . . Robots Rewired . | . . . . . . . . . Allies Hacked . | . . . . . . . . . Hacks Repelled . | . . . . . . . . . Allies | -11 -10 -10 -10 -9 -8 -7 -7 -6 -------- Run | Yrd Mat Min Exi Min Mat Fac Sto Fac Total Allies 4 | . . . . 1 . . 2 1 Largest Group 2 | . . . . 1 1 . 2 1 Highest-Rated Group 62 | . . . . 31 31 . 62 34 Highest-Rated Ally 34 | . . . . 31 31 . 31 34 Total Orders . | . . . . . . . . . Ally Attacks 14 | . . . . . 5 . 7 2 Total Damage 201 | . . . . . 44 . 97 60 Kills . | . . . . . . . . . Allies Corrupted . | . . . . . . . . . Allies Melted . | . . . . . . . . . Intel | -11 -10 -10 -10 -9 -8 -7 -7 -6 ------- Run | Yrd Mat Min Exi Min Mat Fac Sto Fac Robot Analysis Total 1 | . 1 . . . . . . . Derelict Logs Recovered 2 | . . 1 . 1 . . . . Drone Launches . | . . . . . . . . . Drone Recoveries . | . . . . . . . . . Exploration | -11 -10 -10 -10 -9 -8 -7 -7 -6 ------------- Run | Yrd Mat Min Exi Min Mat Fac Sto Fac Turns Passed 3842 | 52 129 212 210 341 860 800 467 771 Spaces Moved 3721 | 46 145 344 260 262 558 1059 436 611 Core 5 | 5 . . . . . . . . Treads . | . . . . . . . . . Legs . | . . . . . . . . . Wheels 108 | 41 67 . . . . . . . Hover 3608 | . 78 344 260 262 558 1059 436 611 Flight . | . . . . . . . . . Fastest Speed 44 | 50 56 56 56 116 48 44 44 48 Average Speed 56 | 78 69 56 80 116 48 44 48 50 Slowest Speed 185 | 100 185 56 116 116 112 48 112 108 Overloaded Moves . | . . . . . . . . . Propulsion Burnouts . | . . . . . . . . . Robots Hopped . | . . . . . . . . . Cave-ins Triggered . | . . . . . . . . . Exploration Rate (%) 40 | 3 33 56 62 47 56 23 70 15 Regions Visited 8 Branch Regions 4 Pre-discovered Areas 1 | . . 1 . . . . . . Known Exits Taken 6 | . 1 1 1 1 1 1 . . Unknown Exits Taken 2 | 1 . . . . . . 1 . Scrap Searched 3 | . . 1 . 2 . . . . Spaces Dug 1 | . . . . . 1 . . . Terrain Destroyed 35 | . . . . . 25 . 10 . Melee . | . . . . . . . . . Projectile 26 | . . . . . 16 . 10 . AOE 9 | . . . . . 9 . . . Terrain Rammed . | . . . . . . . . . Walls Destroyed . | . . . . . . . . . Machines Disabled . | . . . . . . . . . Actions | -11 -10 -10 -10 -9 -8 -7 -7 -6 --------- Run | Yrd Mat Min Exi Min Mat Fac Sto Fac Total 5393 | 57 170 356 262 300 1117 1386 690 1055 Wait 1408 | . . 10 . 35 481 247 236 399 Move 3713 | 45 144 343 259 261 557 1058 435 611 Hop . | . . . . . . . . . Pick Up 38 | 4 7 . . 2 12 11 1 1 Fast Attach 30 | 6 4 . 1 . 8 7 . 4 Attach 11 | . . . . . 4 2 3 2 Detach 7 | . . . . . 1 3 2 1 Swap 15 | 2 1 . . . 7 4 1 . Drop 48 | . 11 . 2 2 16 14 2 1 Fire 84 | . 3 3 . . 29 17 9 23 Melee 1 | . . . . . 1 . . . Ram 2 | . . . . . 1 . 1 . Kick . | . . . . . . . . . Crush . | . . . . . . . . . Escape Stasis 36 | . . . . . . 23 . 13 Rewire . | . . . . . . . . . Trap . | . . . . . . . . . Miscellaneous . | . . . . . . . . . Route ------- -11/Scrapyard -10/Materials -10/Mines -10/Exiles -9/Mines -8/Materials -7/Factory (discovered 4 exits: *Sto x2 / Low x2) -7/Storage -6/Factory (discovered 1 exit: [*Fac]) History --------- Turn | Location | Event 11 | -11/Scrapyard | Discovered new exit (range 16) 53 | -11/Scrapyard | Entered Materials 176 | -10/Materials | Discovered new exit (range 12) 182 | -10/Materials | Identified exit to Mines 182 | -10/Materials | Entered Mines 289 | -10/Mines | Learned location of Mines (-9) 311 | -10/Mines | Build established: Mutant 391 | -10/Mines | Deemed a non-threat by the Exiles lab entrance 391 | -10/Mines | Discovered new exit (range 5) 393 | -10/Mines | Identified exit to Exiles 394 | -10/Mines | Entered Exiles 408 | -10/Exiles | Met 8R-AWN 417 | -10/Exiles | Met EX-HEX 449 | -10/Exiles | Met EX-BIN 457 | -10/Exiles | Aligned with FarCom system 458 | -10/Exiles | Given EX-Vault access code 471 | -10/Exiles | Opened EX-Vault 483 | -10/Exiles | Found Prototype Energy Gun 483 | -10/Exiles | Identified AWS/Thermal 510 | -10/Exiles | Warned to stay clear of 0b10 Research branches 542 | -10/Exiles | Met EX-DEC 592 | -10/Exiles | Discovered new exit (range 12) 603 | -10/Exiles | Identified exit to Mines 604 | -10/Exiles | Left Exiles lab with AWS/Thermal 604 | -10/Exiles | Entered Mines 623 | -9/Mines | Identified exit to Materials 933 | -9/Mines | Received a Mining Laser from a helpful Derelict 945 | -9/Mines | Entered Materials 945 | -8/Materials | Accompanied by 1 ally 945 | -8/Materials | Evolved 4 slots: Power x1, Propulsion x2, Weapon x1 1218 | -8/Materials | Build established: Skirmisher 1713 | -8/Materials | Repaired Broken Airjet 1753 | -8/Materials | Repaired Airjet 1801 | -8/Materials | Discovered new exit (range 9) 1804 | -8/Materials | Identified exit to Factory 1805 | -8/Materials | Entered Factory 1805 | -7/Factory | Evolved 2 slots: Propulsion x1, Utility x1 2296 | -7/Factory | Build established: Scout 2456 | -7/Factory | Repaired Lgt. Angular Momentum Engine 2525 | -7/Factory | Identified exit to Storage 2525 | -7/Factory | Identified exit to Lower Caves 2605 | -7/Factory | Entered Storage 2610 | -7/Storage | Build established: Skirmisher 2739 | -7/Storage | Met a pair of Derelict thieves 2919 | -7/Storage | Build established: Scout 3053 | -7/Storage | Destroyed 8 combat bots 3054 | -7/Storage | Lost 4 parts (4n) 3058 | -7/Storage | Discovered new exit (range 19) 3072 | -7/Storage | Entered Factory 3072 | -6/Factory | Evolved 2 slots: Power x1, Utility x1 3109 | -6/Factory | Repaired Airjet 3118 | -6/Factory | Discovered new exit (range 6) 3329 | -6/Factory | Build established: Mutant 3684 | -6/Factory | Spotted B-75 Beast 3770 | -6/Factory | Fabricated D-53 Grenadier? 3829 | -6/Factory | Core integrity fell below 50% 3838 | -6/Factory | Core integrity fell below 20% 3843 | -6/Factory | Destroyed by H-66 Slayer with Gauss Rifle Last Messages --------------- H-66 Slayer heat spikes uncontrollably. Jacked H-66 Slayer... Slug penetrates Wall. Penetrated by Slug. Slug penetrates Wall. H-66 Slayer heat damages Hvy. Assault Rifle. Penetrated by Slug. Slug penetrates Wall. H-66 Slayer heat damages Gauss Rifle, Lgt. Fission Core, Flexi-carbon Leg. Penetrated by Slug. Slug penetrates R-10 Processor. Penetrated by Slug. Remote Datajack destroyed. Penetrated by Slug. K-01 Serf collects debris. R-10 Processor collects Autogun. Penetrated by Slug. Hacking Suite destroyed. R-10 Processor collects VTOL Module. Penetrated by Slug. Map ----- +----------------------------------------------------+ | #####+##### ?? ????????? | | ?# = ????????? | | ?# """"" ????????? | | ?# ^ """"" #???????? | | ?# ! """ # ???? | | ?# %= / ?????? | | ?# """"" #???????? | | ?# """"" #???##### | | ######+########+#### """ #????"""" | | # #?######### #????"""" | | """ """" # """ #?????????# """"" #?????""" | | """ """" # """ #?????????#! """"" # ""?""" | | """ """" # """ ########### """ / | | """ """" # # ## #?????? | | """ """" # """ #"" """ ## """"" #?######+ | | """ """" # """ #"" """ ## """"" ### | | """ """" # """ #"" """ ## """ ## | | # #T ## ## | | ########## """ #"" """ # """ ## ### | | ## """ #"" """ # """ ## #?? | | ## """ #"" """ + """ ## #?? | | ## # [= # ## #?? | | ###############+### """"" ## ### | | # ]] # %% # """"" ## # | | ### # ]] # # """ ## # | | # # ] # @# ## # | | # # # %# """"" ## # | | # + # h h# """"" ## + | | + # # # """ # | | # # " "" # = R# # | | # # "R"" # k """"" # | | # # """ = # # """"" + | | # ################### """ ### | | ""# #????????# ##+##### | | R"# #????????# ## !! | | ""# #????????# #######+##### | | # #????????# #?# # | | ### #?######## #?# """ # | | ### #?# ## ###########?# """ # | | ### #???????????#""" """ # | | < #???????????#"R # ! | | ### #???????????#""" # | | #?# ##+###########???#""" !! ####### | | #?### ### #???# * !! #?????? | | #???# #?# #???###########?????? | | #####+#######+#?# #???????????????????? | | #?# #???????????????????? | | """ ! ! #?# #???????????????????? | | """ #?# #???????????????????? | | """ #?# #???????????????????? | +----------------------------------------------------+ Best States ------------- Heat Dissipation 37 Energy Generation 40 Energy Capacity 400 Matter Stores 300 Matter Capacity 300 Sight Range 20 Terrain Scan Density 10 ECM Strength 2 Evasion (%) 63 Offensive Hacking 10 Authchip Count 1 Item Schematics ----------------- Minigun | -7/Factory | Scanalyzed Robot Schematics ------------------ G-47 Trooper | -7/Storage | Hacked D-53 Grenadier | -7/Storage | Hacked Fabricated ------------ D-53 Grenadier | x1 | -6/Factory Alien Tech Used ----------------- None Achievements -------------- My Command Is Your Wish Party Time Challenges ------------ None Game ------ Seed ParticleCatalystCompressor Manual? 0 Play Time 01:33:27 Cumulative 8.2 hours Start 2024.04.08 @ 22:17:29 End 2024.04.08 @ 23:59:52 Sessions 1 Manual Loads 0 Difficulty Rogue Special Mode None Game No. 15 Rogue 15 Adventurer 0 Explorer 0 Win Type - Total 0 Types 0/0/0/0/0/0/0/0/0 Lore% 14 Gallery% 12 Achievement% 15 Wizard Run 0 Options --------- Layout 0 ASCII 0 Keyboard 1 Movement Numpad Keybinds 0 Fullscreen 1 Font 18/SmallcapsGlow Map View 76x50 Zoom Use 0% Tactical HUD 0 Map Filters NONE Filters NONE Steam 1 RUN: 4116a50e-d392-4b94-a817-bdedbc241632